 Dungeon Crawl Stone Soup version 0.28-a0-1524-ge72afd5fc6 (webtiles) character file.

Game seed: 18069375355200849480

11 bande the Skirmisher (level 2, 0/19 HPs)
             Began as a Gargoyle Fighter on Jan 18, 2022.
             Killed by an exploding adder (17 damage)
             ... ignited by their inner flame
             ... on level 2 of the Dungeon.
             The game lasted 00:01:51 (1342 turns).

bande the Skirmisher (Gargoyle Fighter)             Turns: 1342, Time: 00:01:52

Health: 0/19       AC: 12    Str: 19    XL:     2   Next: 25%
Magic:  0/2        EV:  7    Int:  8    God:
Gold:   0          SH:  4    Dex:  9    Spells: 1/1 levels left

rFire   + . .      SeeInvis .   a - +0 war axe
rCold   . . .      Faith    .   c - +0 buckler
rNeg    + . .      Spirit   +   l - +0 chain mail
rPois   ∞          Reflect  .   (no helmet)
rElec   +          Harm     .   (no cloak)
rCorr   .          Rampage  .   (no gloves)
Will    .....                   (no boots)
Stlth   ..........              b - amulet of guardian spirit
HPRegen 0.06/turn               e - ring of protection from fire
MPRegen 0.08/turn               (no ring)

@: no status effects
A: sickness immunity, AC +2, negative energy resistance 1, electricity
resistance, torment resistance 1, petrification resistance
a: no special abilities


You were on level 2 of the Dungeon.
You visited 1 branch of the dungeon, and saw 2 of its levels.

Inventory:

Hand Weapons
 a - a +0 war axe (weapon)
Armour
 c - a +0 buckler (worn)
 l - a +0 chain mail (worn)
Jewellery
 b - an amulet of guardian spirit (around neck)
 e - a ring of protection from fire (left hand)
Scrolls
 g - a scroll of teleportation
 h - a scroll of identify
Potions
 d - a potion of might
 f - a potion of attraction
 j - a potion of haste {unknown}


   Skills:
 + Level 3.5 Fighting
 + Level 1.8 Axes
 + Level 3.5 Armour
 + Level 3.4 Shields


You had one spell level left.
You didn't know any spells.
Your spell library was empty.

Dungeon Overview and Level Annotations

Branches:
Dungeon (2/15)

Altars:


Innate Abilities, Weirdness & Mutations

You are immune to sickness and miasma.
Your stone body is resilient. (AC +2)
You are immune to poison.
You resist negative energy. (rN+)
You are resistant to electric shocks. (rElec)
You are resistant to unholy torment.
You are immune to petrification.


Message History

There is a stone staircase leading down here.
There is an open door here.
Things that are here:
a +0 club; a ball python corpse Done exploring.
Done exploring.
You open the door.
There is an open door here.
There is a stone staircase leading down here.
You climb downwards.
There is a stone staircase leading up here.
You start putting on your amulet.
You continue putting on your amulet of guardian spirit. x5
You finish putting on your amulet of guardian spirit.
You feel your power drawn to a protective spirit.
b - an amulet of guardian spirit (around neck)
As you read the scroll labelled ONOHIRPHARI, it crumbles to dust.
You feel strangely unstable.
It was a scroll of teleportation.
As you read the scroll labelled TYXIHU XUNNELO, it crumbles to dust.
It is a scroll of identify.
f - a potion of attraction
As you read the scroll labelled CIAHURCH VUPYD, it crumbles to dust.
You assume a fearsome visage.
Nothing appears to happen.
It was a scroll of fear.
Your surroundings suddenly seem different.
An adder comes into view.
The adder hisses angrily.
As you read the scroll labelled EBYANOT TAUCHETU, it crumbles to dust.
The creatures around you are filled with an inner flame!
It was a scroll of immolation.
A ball python comes into view.
The ball python hisses angrily.
The adder bites you.
You slash the adder!
Flame seeps out of the adder.
The adder is severely wounded.
The adder is engulfed in blazing flames.
The adder explodes!
The fiery explosion engulfs you!! You resist.
Ouch! That really hurt!
You die...

#. #....... #
#. #.......
.##.#.
#.......
...#.##...S...
##..........
#.........
#....§§.#
#...§○@.#
##..§§§.#
#......#
###.#### #. #.
. #


You could see a ball python.

Vanquished Creatures
  An adder (D:2)
  A dart slug (D:1)
  A ball python (D:1)
  An endoplasm (D:1)
  A hobgoblin (D:1)
  2 frilled lizards (D:1)
  A goblin (D:1)
  A kobold (D:1)
  2 rats (D:1)
11 creatures vanquished.

Notes
Turn   | Place    | Note
-------+----------+-------------------------------------------
     0 | D:1      | bande the Gargoyle Fighter began the quest for the Orb.
     0 | D:1      | Reached XP level 1. HP: 14/14 MP: 1/1
   123 | D:1      | Found a faded altar of an unknown god.
   550 | D:1      | Reached XP level 2. HP: 16/19 MP: 2/2
  1342 | D:2      | Killed by an exploding adder... ignited by their inner
                  | flame

Illustrated notes

Levels and vault maps discovered:
D:1:      dpeg_arrival_rooms_a, layout_loops_corners,
          ebering_ecumenical_altar_sacrificial, kennysheep_pointless_box
D:2:      layout_basic

Action                   || total
-------------------------++-------
Melee: War axe           ||    34
  Use: Scroll            ||     4
Armor: Scale mail        ||    13
       Chain mail        ||     3
Dodge: Dodged            ||    13
Block: Buckler           ||     5

Table legend: (Time is in decaauts)
 A = Elapsed time spent in this place.
 B = Non-inter-level travel time spent in this place.
 C = Inter-level travel time spent in this place.
 D = Time resting spent in this place.
 E = Time spent auto-exploring this place.
 F = Levels seen in this place.
 G = Mean time per level.
                   A        B        C        D        E       F      G
               +--------+--------+--------+--------+--------+-----+--------+
         Total |   1356 |   1356 |      0 |    246 |    946 |   2 |  678.0 |
       Dungeon |   1356 |   1356 |      0 |    246 |    946 |   2 |  678.0 |
               +--------+--------+--------+--------+--------+-----+--------+

Top non-repeatable levels by time:
     D:1: 1345 daAuts
     D:2: 10 daAuts
